 Dungeon Crawl Stone Soup version 0.27-a0-1137-g3ef0f4ec91 (webtiles) character file.

Game seed: 10802260209430125696

81690 miscthings the Thaumaturge (level 15, 0/112 HPs)
             Began as a Djinni Conjurer on May 5, 2021.
             Was the Champion of Makhleb.
             Shot with a bolt by an orc warrior (14 damage)
             ... on level 2 of the Orcish Mines on May 6, 2021.
             The game lasted 00:48:06 (21649 turns).

miscthings the Thaumaturge (Djinni Conjurer)       Turns: 21649, Time: 00:48:07

Health: 0/112      AC:  7    Str:  6    XL:     15   Next: 71%
Gold:   1496       EV: 23    Int: 30    God:    Makhleb [******] SH: 11 Dex: 16

rFire    + + +     SeeInvis .   H - +3 rapier of Integrity {vamp, Dex+2}
rCold    + . .     Faith    .   D - +0 kite shield
rNeg     . . .     Spirit   .   V - +2 robe {rC+ rF+}
rPois    ∞         Reflect  .   i - +0 helmet
rElec    .         Harm     .   M - -2 cloak "Elant" {rPois rC+ Will++ Slay-2}
rCorr    .         Rampage  .   R - +2 pair of gloves {Stlth+}
Will     +++..                  (boots unavailable)
Stlth    +++.......             w - amulet of the acrobat
HPRegen  0.28/turn              o - +6 ring of intelligence
MPRegen  0.00/turn              Q - +4 ring of evasion

@: flying
A: sickness immunity, fire resistance 2, cold vulnerability 1, float, innate
caster, hp casting, extra vitality 1
a: Renounce Religion, Minor Destruction, Lesser Servant of Makhleb, Major
Destruction, Greater Servant of Makhleb


You were on level 2 of the Orcish Mines.
You worshipped Makhleb.
Makhleb was exalted by your worship.
You visited 4 branches of the dungeon, and saw 22 of its levels.
You also visited: Gauntlet.

You collected 2004 gold pieces.
You spent 508 gold pieces at shops.

Inventory:

Hand Weapons
 H - the +3 rapier of Integrity (weapon) {vamp, Dex+2}
   (You found it on level 11 of the Dungeon)

   It inflicts no extra harm, but heals its wielder when it wounds a living foe.
   It affects your dexterity (+2).
Armour
 i - a +0 helmet (worn)
 u - a +0 troll leather armour
 D - a +0 kite shield (worn)
 M - the -2 cloak "Elant" (worn) {rPois rC+ Will++ Slay-2}
   (You found it on level 2 of the Lair of Beasts)

   It affects your accuracy and damage with ranged weapons and melee attacks
   (-2).
   It protects you from cold.
   It protects you from poison.
   It greatly increases your willpower.
 R - a +2 pair of gloves of stealth (worn)
 V - a +2 robe of resistance (worn)
Magical Staves
 n - a staff of earth
Jewellery
 j - a ring of see invisible
 o - a +6 ring of intelligence (left hand)
 w - an amulet of the acrobat (around neck)
 P - a ring of protection from cold
 Q - a +4 ring of evasion (right hand)
 S - the ring of Fun {Fire Int+2}
   (You took it off a minotaur in a Gauntlet)

   [ring of fire]

   It enhances your fire magic.
   It affects your intelligence (+2).
   It protects you from fire.
   It makes you vulnerable to cold.
Wands
 b - a wand of polymorph (16)
 v - a wand of iceblast (26)
 y - a wand of flame (9)
 F - a wand of mindburst (36)
 O - a wand of paralysis (8)
 T - a wand of acid (15)
Scrolls
 a - 3 scrolls of holy word
 c - 4 scrolls of fear
 d - 5 scrolls of magic mapping
 e - 2 scrolls of identify {@r1}
 f - 7 scrolls of teleportation
 l - 5 scrolls of enchant weapon
 m - a scroll of brand weapon
 q - 6 scrolls of blinking
 z - 3 scrolls of enchant armour
 A - a scroll of torment
 C - 4 scrolls of immolation
 E - a scroll of silence
 J - a scroll of summoning
 K - 2 scrolls of vulnerability
Potions
 g - a potion of lignification
 h - a potion of mutation
 k - 5 potions of haste
 r - 2 potions of brilliance
 s - 3 potions of heal wounds
 t - 9 potions of curing
 x - a potion of cancellation
 B - 6 potions of attraction
 G - 2 potions of magic
 I - 7 potions of ambrosia
 L - a potion of resistance
 W - 2 potions of might
Miscellaneous
 N - a condenser vane
 U - a phantom mirror


   Skills:
 + Level 12.2 Fighting
 + Level 4.2 Armour
 + Level 13.3 Dodging
 - Level 1.5 Stealth
 + Level 11.7 Shields
 + Level 14.7 Spellcasting
 + Level 1.0 Evocations


You had 5 spell levels left.
You knew the following spells:

 Your Spells              Type           Power      Damage    Failure   Level
a - Starburst             Conj/Fire      42%        8x6d12    1%          6
b - Magic Dart            Conj           100%       1d8       0%          1
c - Dazzling Flash        Conj/Hex       100%       N/A       1%          3
d - Fulminant Prism       Conj/Hex       42%        3d20      1%          4
e - Iskenderun's Mystic   Conj/Tloc      84%        2d17      1%          4
f - Freeze                Ice            100%       1d11      0%          1
g - Corpse Rot            Necr/Air       N/A        N/A       0%          2
h - Portal Projectile     Hex/Tloc       100%       N/A       1%          3
i - Summon Guardian Gole  Hex/Summ       84%        N/A       1%          3
j - Ice Form              Ice/Tmut       84%        N/A       1%          4
k - Silence               Hex/Air        42%        N/A       1%          5
r - Searing Ray           Conj           100%       3d7       0%          2
Your spell library was empty.

Dungeon Overview and Level Annotations

Branches:
Dungeon (13/15)            Temple (1/1) D:7            Lair (6/6) D:8
  Swamp (0/4) Lair:2       Spider (0/4) Lair:2        Slime (0/5) Lair:5
    Orc (2/2) D:12        Gauntlet (visited)
    Elf: Orc:2       Vaults: D:13-14

Altars:
Ashenzari
Cheibriados
Dithmenos
Elyvilon
Hepliaklqana
Kikubaaqudgha
Makhleb
Nemelex Xobeh
Okawaru
Sif Muna
Trog
Uskayaw
Wu Jian
Xom
Yredelemnul
Zin
The Shining One

Shops:
D:2 (   D:8 ?[!   D:11 !   Orc:1 *   Orc:2 ?

Annotations:
D:5 3 runed translucent doors, brightshaft's ghost, novice DgAE


Innate Abilities, Weirdness & Mutations

You are immune to sickness and miasma.
You are immune to poison.
Your flesh is very heat resistant. (rF++)
You are vulnerable to cold. (rC-)
You float through the air rather than walking.
You learn spells naturally, not from books.
Your magical power is your life essence.
You have superior vitality. (+4 HP)


Message History

You kill the orc!
Makhleb accepts your kill.
You feel better. (Press . to maintain the ray.)
You start resting.
An orc warrior is nearby!
The orc warrior unwields a +0 arbalest.
The orc warrior wields a +0 broad axe.
The orc warrior completely misses you.
Casting: Searing Ray (safe; 0% risk of failure)
Confirm with . or Enter, or press ? or * to list all spells.
Casting: Starburst (dangerous; 1% risk of failure)
Press: ? - help, Dir - look around, f - activate The bolt of fire misses the orc warrior.
The orc warrior hits you with a +0 broad axe!
Casting: Starburst (dangerous; 1% risk of failure)
Confirm with . or Enter, or press ? or * to list all spells.
Casting: Starburst (dangerous; 1% risk of failure)
Press: ? - help, Dir - look around, f - activate The bolt of fire misses the orc warrior.
You block the orc warrior's attack.
Casting: Starburst (dangerous; 1% risk of failure)
Confirm with . or Enter, or press ? or * to list all spells.
You erupt in a blast of force!
The mystic blast hits the orc warrior!!
The orc warrior is almost dead.
The orc warrior is knocked back by the mystic blast.
* * * LOW HITPOINT WARNING * * *
A centaur comes into view.
Casting: Iskenderun's Mystic Blast (safe; 1% risk of failure)
Confirm with . or Enter, or press ? or * to list all spells.
Casting: Starburst (dangerous; 1% risk of failure)
Press: ? - help, Dir - look around, f - activate The bolt of fire misses the orc warrior.
* * * LOW HITPOINT WARNING * * *
The centaur wields a +0 shortbow.
The centaur shoots an arrow.
The arrow hits you!
* * * LOW HITPOINT WARNING * * *
The orc warrior unwields a +0 broad axe.
The orc warrior wields a +0 arbalest.
The orc warrior shoots a bolt.
The bolt hits you!
You die...

##.....#.). ##........ ####
#.......) # ###..## #...#...# ##
#.#.#.# ###o...#.## .##
###...##### #.......## ..##
#.##....#.# ###.......#
...######<.......####.........###
...#.#..#.......@#.#............#
.).##............................
.............#....)....c..#......
..........#####....o....#####....
.........## #...........##......
..........#####.........####.....
........<...#..........#####.....
..........................#......
...................##...........#


You could see an orc warrior and a centaur.

Vanquished Creatures
  Kirke (Lair:4)
  A quicksilver ooze (Gauntlet)
  5 dire elephants (Lair:6)
  A minotaur (Gauntlet)
  A boulder beetle (D:11)
  3 catoblepae
  9 hydras
  2 centaur warriors (D:13)
  A death knight (D:11)
  7 two-headed ogres
  2 spectral dire elephants (Lair:6)
  A thrashing horror (Gauntlet)
  A spectral anaconda (Lair:6)
  A spectral death yak (Lair:6)
  An obsidian statue (Lair:6)
  A wizard (D:11)
  2 lindwurms
  A deep elf pyromancer (D:12)
  An orc knight (Orc:2)
  3 necromancers (Lair:6)
  2 orc sorcerers (Orc:2)
  2 cyclopes
  3 worldbinders (Gauntlet)
  2 dire elephant zombies (Lair:6)
  20 elephants
  5 black mambas
  A gargoyle (D:11)
  4 torpor snails (Lair:1)
  10 cane toads
  Maggie (D:6)
  A kobold demonologist (D:11)
  An efreet (D:13)
  4 rime drakes
  9 komodo dragons
  An anaconda simulacrum (Lair:2)
  A queen bee (Lair:5)
  3 trolls
  2 polar bears
  3 meliai (Lair:5)
  Grinder (D:3)
  6 blink frogs
  5 slime creatures (D:13)
  3 spectral elephants (Lair:6)
  13 dream sheep (Lair:6)
  2 shadows
  A wraith (D:12)
  3 vampires
  5 basilisks
  9 wyverns
  44 yaks
  8 vampire mosquitoes
  6 hogs (Lair:4)
  A death yak simulacrum (Lair:6)
  A warg (Orc:1)
  4 spectral cane toads (Lair:6)
  2 acid dragons (D:11)
  13 water moccasins
  7 orc warriors
  3 necrophages
  A sky beast (D:7)
  An elephant zombie (Lair:6)
  An ice beast (D:8)
  A black bear (D:6)
  10 ogres
  3 elephant skeletons (Lair:6)
  5 wolves (Lair:5)
  7 boggarts (Gauntlet)
  14 centaurs
  3 phantoms
  10 bullfrogs
  3 scorpions
  3 gnoll sergeants
  2 cane toad simulacra (Lair:6)
  A wyvern skeleton (D:7)
  A water moccasin zombie (D:5)
  2 water moccasin skeletons
  38 killer bees
  2 elephant simulacra (Lair:6)
  A lindwurm simulacrum (Lair:2)
  3 wights (D:8)
  2 howler monkeys
  4 crimson imps (D:10)
  A komodo dragon simulacrum (Lair:2)
  2 lava snakes (Lair:6)
  4 small abominations (Gauntlet)
  3 centaur zombies
  3 gnoll shamans (D:6)
  A bullfrog zombie (D:7)
  9 orc priests
  A water moccasin simulacrum (Lair:2)
  A bullfrog skeleton (D:6)
  5 hounds
  3 jellies
  17 orc wizards
  12 iguanas
  2 yak simulacra (Lair:2)
  6 ogre zombies (D:12)
  A howler monkey zombie (D:9)
  5 adders
  17 gnolls
  A shadow imp (D:6)
  2 white imps
  An ufetubus (D:4)
  A worm (D:2)
  7 dart slugs
  31 orcs
  5 endoplasms
  A giant cockroach (D:1)
  6 goblins
  15 hobgoblins
  2 quokkas (D:2)
  7 ball pythons
  2 bats
  3 frilled lizards
  A goblin zombie (D:12)
  A hobgoblin skeleton (D:12)
  3 hobgoblin zombies (D:12)
  20 kobolds
  14 orc zombies (D:12)
  9 rats
  A fulminant prism (D:12)
601 creatures vanquished.

Vanquished Creatures (others)
  A storm dragon (D:11)
  A spectral elephant (Lair:6)
  A butterfly (D:8)
  107 fulminant prisms
  29 fungi
  76 plants
  22 withered plants (Lair:6)
237 creatures vanquished.

Grand Total: 838 creatures vanquished

Notes
Turn   | Place    | Note
-------+----------+-------------------------------------------
     0 | D:1      | miscthings the Djinni Conjurer began the quest for the Orb.
     0 | D:1      | Reached XP level 1. HP: 15/15 MP: 0/0
   210 | D:1      | Upgraded the game from 0.27-a0-1136-g0b992a5a9d to
                  | 0.27-a0-1137-g3ef0f4ec91
   302 | D:1      | Reached XP level 2. HP: 18/21 MP: 0/0
   325 | D:1      | Reached skill level 4 in Spellcasting
   683 | D:1      | Reached XP level 3. HP: 13/25 MP: 0/0
   683 | D:1      | Learned a level 1 spell: Freeze
  1800 | D:2      | Found Fam Bari's Weapon Boutique.
  2048 | D:2      | Reached XP level 4. HP: 28/31 MP: 0/0
  2256 | D:3      | Noticed Grinder
  2273 | D:3      | Killed Grinder
  2274 | D:3      | Reached skill level 6 in Spellcasting
  2274 | D:3      | Reached XP level 5. HP: 9/35 MP: 0/0
  2274 | D:3      | Learned a level 2 spell: Corpse Rot
  2274 | D:3      | Reached XP level 6. HP: 10/40 MP: 0/0
  3133 | D:3      | Found a faded altar of an unknown god.
  3319 | D:4      | Reached skill level 7 in Spellcasting
  3319 | D:4      | Reached XP level 7. HP: 39/45 MP: 0/0
  3319 | D:4      | Learned a level 3 spell: Portal Projectile
  3816 | D:4      | You are sucked into a shaft and drop 1 floor!
  3816 | D:5      | Entered Level 5 of the Dungeon
  3960 | D:5      | Reached skill level 8 in Spellcasting
  4019 | D:5      | Reached XP level 8. HP: 27/50 MP: 0/0
  4358 | D:5      | Reached skill level 9 in Spellcasting
  5260 | D:5      | Found a runed translucent gate.
  5262 | D:5      | Found a runed translucent gate.
  5263 | D:5      | Found a runed translucent gate.
  5263 | D:5      | Noticed brightshaft's ghost (novice DgAE)
  5327 | D:6      | Noticed Maggie
  5332 | D:6      | Killed Maggie
  5333 | D:6      | Reached skill level 10 in Spellcasting
  5333 | D:6      | Reached XP level 9. HP: 21/55 MP: 0/0
  5333 | D:6      | Learned a level 3 spell: Summon Guardian Golem
  5911 | D:6      | Reached skill level 11 in Spellcasting
  6126 | D:6      | Reached skill level 1 in Fighting
  6126 | D:6      | Reached skill level 1 in Armour
  6612 | D:7      | Found a staircase to the Ecumenical Temple.
  6623 | Temple   | Entered the Ecumenical Temple
  6669 | Temple   | Became a worshipper of Makhleb the Destroyer
  7763 | D:7      | Reached XP level 10. HP: 59/64 MP: 0/0
  8262 | D:8      | Found Meniysm's Magic Scroll Shop.
  8269 | D:8      | Bought a scroll of blinking for 112 gold pieces
  8269 | D:8      | Bought a scroll of fear for 52 gold pieces
  8293 | D:8      | Found an iron altar of Okawaru.
  8329 | D:8      | Found an ornate altar of the Wu Jian Council.
  8347 | D:8      | Reached * piety under Makhleb
  8463 | D:8      | Reached skill level 1 in Shields
  8705 | D:8      | Reached skill level 5 in Dodging
  8976 | D:8      | Found a staircase to the Lair.
  9001 | D:8      | Found Busan's Distillery.
  9008 | D:8      | Bought a potion of attraction for 33 gold pieces
  9008 | D:8      | Bought a potion of curing for 33 gold pieces
  9015 | D:8      | Found Ucomy's Antique Armour Shoppe.
  9162 | D:8      | Found a white marble altar of Elyvilon.
  9364 | D:9      | Noticed a two-headed ogre
  9370 | D:9      | Killed a two-headed ogre
  9371 | D:9      | Reached XP level 11. HP: 58/74 MP: 0/0
  9371 | D:9      | Learned a level 4 spell: Ice Form
  9508 | D:9      | Reached skill level 5 in Fighting
  9508 | D:9      | Reached skill level 12 in Spellcasting
 10319 | D:10     | Entered Level 10 of the Dungeon
 10450 | D:10     | Found a shadowy altar of Dithmenos.
 10491 | D:10     | Found a shimmering altar of Xom.
 10613 | D:10     | Reached ** piety under Makhleb
 10652 | D:10     | Noticed Maurice
 10654 | D:10     | Noticed Maurice
 10654 | D:10     | Maurice changed into Maurice the iguana
 10658 | D:10     | Killed Maurice the iguana
 10885 | D:10     | Noticed a two-headed ogre
 10890 | D:10     | Killed a two-headed ogre
 11011 | D:11     | Noticed a two-headed ogre
 11016 | D:11     | Noticed an eight-headed hydra
 11022 | D:11     | Killed a two-headed ogre
 11034 | D:11     | Killed an eight-headed hydra
 11048 | D:11     | Reached skill level 5 in Shields
 11051 | D:11     | Noticed a two-headed ogre
 11052 | D:11     | Noticed an eight-headed hydra
 11061 | D:11     | Killed an eight-headed hydra
 11061 | D:11     | Killed a two-headed ogre
 11313 | D:11     | Noticed a two-headed ogre
 11320 | D:11     | Killed a two-headed ogre
 11321 | D:11     | Reached XP level 12. HP: 83/84 MP: 0/0
 11373 | D:11     | Noticed a boulder beetle
 11382 | D:11     | Noticed a two-headed ogre
 11384 | D:11     | Killed a boulder beetle
 11389 | D:11     | Killed a two-headed ogre
 11536 | D:11     | Found Pyrotos's Distillery.
 11541 | D:11     | Bought a potion of brilliance for 40 gold pieces
 11632 | D:11     | Identified the +3 rapier of Integrity {vamp, Dex+2}
 11993 | D:11     | Identified Finoeny's Papyrus of Mutagenic Cold
 12033 | D:11     | Noticed a storm dragon
 12045 | D:11     | Killed a storm dragon
 12167 | D:11     | Noticed a death knight
 12178 | D:11     | Killed a death knight
 12340 | Lair:1   | Entered Level 1 of the Lair of Beasts
 12365 | Lair:1   | Found a snail-covered altar of Cheibriados.
 12696 | Lair:1   | Reached *** piety under Makhleb
 13209 | Lair:2   | Reached skill level 13 in Spellcasting
 13329 | Lair:2   | Found a transporter.
 13382 | Lair:2   | Found a hole to the Spider Nest.
 13447 | Lair:2   | Reached XP level 13. HP: 78/93 MP: 0/0
 13447 | Lair:2   | Learned a level 5 spell: Silence
 13474 | Lair:2   | Found a transporter.
 13511 | Lair:2   | Reached skill level 10 in Dodging
 13538 | Lair:2   | Found a staircase to the Swamp.
 14017 | Lair:2   | Identified the -2 cloak "Elant" {rPois rC+ Will++ Slay-2}
 14154 | Lair:3   | Reached **** piety under Makhleb
 14893 | Lair:4   | Found a gate leading to a gauntlet.
 14936 | Gauntlet | Entered a Gauntlet
 14936 | Gauntlet | Found a transporter.
 14948 | Gauntlet | Found a transporter.
 14951 | Gauntlet | Found a transporter.
 14952 | Gauntlet | Found a transporter.
 14963 | Gauntlet | Found a transporter.
 14963 | Gauntlet | Found a transporter.
 14964 | Gauntlet | Found a transporter.
 14972 | Gauntlet | Found a runed translucent door.
 14976 | Gauntlet | Found a transporter.
 14977 | Gauntlet | Found a transporter.
 14985 | Gauntlet | Found a transporter.
 14985 | Gauntlet | Found a transporter.
 14988 | Gauntlet | Found a transporter.
 14989 | Gauntlet | Found a transporter.
 14991 | Gauntlet | Noticed a quicksilver ooze
 14997 | Gauntlet | Found a transporter.
 15099 | Gauntlet | Identified the amulet "Tagguhad" {Reflect -Cast Str+6 SH+5}
 15157 | Gauntlet | Noticed an ironbound preserver
 15303 | Gauntlet | Killed a quicksilver ooze
 15339 | Gauntlet | Identified the ring of Fun {Fire Int+2}
 15339 | Gauntlet | Noticed a minotaur
 15368 | Gauntlet | Killed a minotaur
 15583 | Lair:4   | Noticed Kirke
 15594 | Lair:4   | Killed Kirke
 15630 | Lair:4   | Reached skill level 10 in Fighting
 15770 | Lair:4   | Reached XP level 14. HP: 66/103 MP: 0/0
 16083 | Lair:5   | Reached ***** piety under Makhleb
 16660 | Lair:5   | Reached skill level 10 in Shields
 16864 | Lair:5   | Found a staircase to the Slime Pits.
 17244 | Lair:6   | Entered Level 6 of the Lair of Beasts
 17260 | Lair:6   | Reached skill level 14 in Spellcasting
 17387 | Lair:6   | Noticed a dire elephant
 17389 | Lair:6   | Noticed a dire elephant
 17389 | Lair:6   | Noticed a dire elephant
 17389 | Lair:6   | Noticed a dire elephant
 17405 | Lair:6   | Killed a dire elephant
 18055 | Lair:6   | Reached XP level 15. HP: 88/111 MP: 0/0
 18055 | Lair:6   | Learned a level 6 spell: Starburst
 18238 | Lair:6   | HP: 4/111 [dire elephant (33)]
 19384 | D:12     | Found a staircase to the Orcish Mines.
 19386 | D:12     | Reached ****** piety under Makhleb
 20174 | D:12     | Identified the +8 flail of Boreuzi {drain, rC+ Int+2 Dex-3}
 20834 | Orc:1    | Entered Level 1 of the Orcish Mines
 20925 | Orc:1    | Found Raphayde's General Store.
 21079 | Orc:2    | Entered Level 2 of the Orcish Mines
 21259 | Orc:2    | Found Tudotud's Magic Scroll Emporium.
 21262 | Orc:2    | Bought a scroll of vulnerability for 105 gold pieces
 21262 | Orc:2    | Bought a scroll of blinking for 105 gold pieces
 21262 | Orc:2    | Bought a scroll of identify for 28 gold pieces
 21620 | Orc:2    | Reached skill level 1 in Evocations
 21649 | Orc:2    | Shot with a bolt by an orc warrior

Illustrated notes

Levels and vault maps discovered:
D:1:      dpeg_arrival_another_circle, layout_basic
D:2:      layout_basic, serial_shops, nicolae_shop_behind_doors, hex_tiny,
          kennysheep_generic_room_16
D:3:      layout_rooms, basic_ecumenical_altar, uniq_grinder
D:4:      layout_loops_cross, minmay_cupped
D:5:      layout_layer_cave, ebering_ghost_rock_garden
D:6:      kennysheep_housing_project, layout_basic, uniq_maggie
D:7:      layout_gridville, minmay_temple_entry_stoned_glass
D:8:      layout_basic, gammafunk_temple_overflow_statue,
          nicolae_wu_jian_wuxing_cycle, nicolae_elyvilon_peaceful_grove,
          minmay_lair_entry_grove, serial_shops, kennysheep_mini_moat,
          nicolae_shop_competitors_out_of_business, shop
D:9:      layout_basic
D:10:     layout_irregular_city, nicolae_overflow_hidden_temple, led_xom_imps,
          uniq_maurice
D:11:     nzn_winding_woodlands_three_and_one
          [nzn_winding_woodlands_5x15_default, nzn_winding_woodlands_5x15_cabin,
          nzn_winding_woodlands_5x15_pockets,
          nzn_winding_woodlands_center_triple_pond], layout_cave_pods,
          serial_shops, kennysheep_little_box, billiards_dpeg
D:12:     layout_irregular_city, zombieorc1_lemuel
D:13:     layout_loops_ring, david_vaults_3, serial_shops, shop_statue,
          nicolae_trove_entry_free_sample
Temple:   eino_temple_rhombus
Lair:1:   layout_chaotic_city, kennysheep_snail_temple
Lair:2:   gammafunk_cloud_chamber, layout_concentric_octagons,
          minmay_swamp_entry_reptiles, spider_nest_entry_web_field,
          chequers_serial_rivers_small_a
Lair:3:   layout_roguey, grunt_megastairs_5, lemuel_fruit_fields,
          lemuel_fruit_fields
Lair:4:   layout_loops_ring, gauntlet_entry_generic, uniq_kirke
Lair:5:   layout_cellular_growth, dpeg_slime_entry_corner, special_room
          [special_room_bee], infiniplex_staircase_pool
Lair:6:   due_jungle_book, layout_gridlike, bh_autumn_forest_stairs
Orc:1:    layout_caves, serial_shops, shop_statue, nicolae_orc_crystal_geode
Orc:2:    st_orc_rangers, layout_diamond_mine, serial_shops,
          nicolae_shop_behind_doors

Skill      XL: |  1  2  3  4  5  6  7  8  9 10 11 12 13 14 15 |
---------------+----------------------------------------------+-----
Spellcasting   | 4 6 7 8 10 11 12 13 14 | 14.7
Fighting       | 2 4 6 8 10 11 12 | 12.2
Armour         | 2 4 |  4.2
Dodging        | 3 6 8 9 11 12 13 | 13.3
Shields        | 3 5 7 9 10 11 | 11.7
Evocations     | 1 |  1.0
Stealth        | |  1.5

Action                   |  1- 3 |  4- 6 |  7- 9 | 10-12 | 13-15 || total
-------------------------+-------+-------+-------+-------+-------++-------
Melee: Unarmed           |     1 |       |       |       |       ||     1
       Rapier            |       |       |       |       |    11 ||    11
 Cast: Magic Dart        |    20 |     2 |       |       |       ||    22
       Searing Ray       |    27 |    16 |    75 |    94 |    53 ||   265
       Fulminant Prism   |       |       |     9 |    55 |    44 ||   108
       Iskenderun's Myst |       |       |     8 |    47 |   239 ||   294
       Ice Form          |       |       |       |     1 |     1 ||     2
       Summon Guardian G |       |       |       |       |     1 ||     1
       Starburst         |       |       |       |       |    96 ||    96
       Corpse Rot        |       |       |       |       |     1 ||     1
 Abil: End Transformatio |       |       |       |     1 |     1 ||     2
Evoke: Wand              |       |       |       |     1 |     1 ||     2
  Use: Scroll            |       |     1 |    10 |     4 |     8 ||    23
       Potion            |       |       |       |     1 |     2 ||     3
Armor: Robe              |     4 |     3 |     4 |       |     7 ||    18
       Steam dragon scal |       |       |     6 |     9 |       ||    15
       Troll leather arm |       |       |       |     1 |     2 ||     3
       Skin              |       |       |       |       |     3 ||     3
Dodge: Dodged            |    11 |    16 |    26 |    52 |   148 ||   253
Block: Kite shield       |       |       |       |    26 |    89 ||   115

Table legend: (Time is in decaauts)
 A = Elapsed time spent in this place.
 B = Non-inter-level travel time spent in this place.
 C = Inter-level travel time spent in this place.
 D = Time resting spent in this place.
 E = Time spent auto-exploring this place.
 F = Levels seen in this place.
 G = Mean time per level.
                   A        B        C        D        E       F      G
               +--------+--------+--------+--------+--------+-----+--------+
         Total |  21658 |  20336 |   1322 |   4745 |  12063 |  23 |  941.7 |
       Dungeon |  13886 |  13017 |    869 |   3652 |   7580 |  13 | 1068.2 |
        Temple |     57 |     46 |     11 |      0 |     33 |   1 |   57.0 |
          Lair |   6424 |   6021 |    403 |    971 |   3673 |   6 | 1070.7 |
  Orcish Mines |    815 |    776 |     39 |     10 |    631 |   2 |  407.5 |
      Gauntlet |    474 |    474 |      0 |    112 |    146 |   1 |  474.0 |
               +--------+--------+--------+--------+--------+-----+--------+

Top non-repeatable levels by time:
  Lair:6: 1870 daAuts
     D:5: 1682 daAuts
     D:6: 1289 daAuts
    D:11: 1275 daAuts
  Lair:5: 1231 daAuts
     D:8: 1186 daAuts
     D:3: 1145 daAuts
     D:1: 1144 daAuts
     D:4: 1058 daAuts
     D:9: 1031 daAuts
     D:2: 977 daAuts
  Lair:2: 971 daAuts
    D:12: 929 daAuts
  Lair:1: 885 daAuts
     D:7: 867 daAuts
